 Dungeon Crawl Stone Soup version 0.27.1 (webtiles) character file.

Game seed: 1404821157061504651

90 greenlake the Covered (level 4, 0/39 HPs)
             Began as a Minotaur Fighter on Aug 30, 2021.
             Succumbed to Terence's poison
             ... on level 3 of the Dungeon.
             The game lasted 00:03:50 (1545 turns).

greenlake the Covered (Minotaur Fighter)            Turns: 1545, Time: 00:03:51

Health: 0/39       AC:  7    Str: 28    XL:     4   Next: 32%
Magic:  3/3        EV: 10    Int:  5    God:
Gold:   68         SH:  0    Dex:  9    Spells: 3/3 levels left

rFire    . . .     SeeInvis .   a - +0 long sword
rCold    . . .     Faith    .   (no shield)
rNeg     . . .     Spirit   .   b - +0 scale mail
rPois    .         Reflect  .   (helmet restricted)
rElec    .         Harm     .   (no cloak)
rCorr    .         Rampage  .   (no gloves)
Will     .....                  (no boots)
Stlth    ..........             (no amulet)
HPRegen  0.13/turn              f - +6 ring of strength
MPRegen  0.08/turn              (no ring)

@: brilliant, lethally poisoned (0 -> -17), hasted, very quick
A: horns 2, retaliatory headbutt
a: no special abilities


You were on level 3 of the Dungeon.
You visited 1 branch of the dungeon, and saw 3 of its levels.

You collected 68 gold pieces.

Inventory:

Hand Weapons
 a - a +0 long sword (weapon)
Armour
 b - a +0 scale mail (worn)
 c - a +0 kite shield
Jewellery
 f - a +6 ring of strength (left hand)
 o - a ring of fire
Scrolls
 e - 2 scrolls of fog {unknown}
 k - a scroll of noise {unknown}
 n - a scroll of brand weapon {unknown}
 p - a scroll of identify {unknown}
Potions
 d - a potion of might
 g - a potion of heal wounds {unknown}
 h - a potion of resistance {unknown}
 i - a potion of flight {unknown}
 j - a potion of brilliance
 l - a potion of degeneration {unknown}
 m - a potion of haste


   Skills:
 - Level 3.6 Fighting
 + Level 4.3 Long Blades
 + Level 5.1 Armour
 - Level 3.6 Shields


You had 3 spell levels left.
You didn't know any spells.
Your spell library contained the following spells:

 Spells                   Type           Power      Damage    Failure   Level
 Beastly Appendage        Tmut           0%         N/A       73%         1
 Corona                   Hex            0%         N/A       73%         1
 Wereblood                Tmut           0%         N/A       86%         2
 Spider Form              Tmut/Pois      0%         N/A       97%         3
 Swiftness                Air            0%         N/A       97%         3
 Summon Lightning Spire   Summ/Air       0%         N/A       100%        4


Dungeon Overview and Level Annotations

Branches:
Dungeon (3/15)

Altars:
Ashenzari


Innate Abilities, Weirdness & Mutations

You have a pair of horns on your head.
You reflexively headbutt those who attack you in melee.


Message History

p - a scroll labelled HUETOCIQET An endoplasm comes into view.
The endoplasm hits you.
You hit the endoplasm. You headbutt the endoplasm.
You kill the endoplasm!
You see here an adder corpse.
Found 4 gold pieces.
You now have 68 gold pieces (gained 4).
Terence the Incautious comes into view.
He is wielding a +2 flail of venom and wearing a +1 scale mail of poison resistance.
Terence shouts!
Terence is nearby!
Terence hits you with a +2 flail of venom!
You barely miss Terence. Terence closely misses you.
You riposte.
You slash Terence! Your headbutt misses Terence.
Terence is heavily wounded.
You slash Terence!
Terence is severely wounded.
Terence hits you with a +2 flail of venom.
Your scale mail prevents you from hitting Terence.
You headbutt Terence.
Terence is almost dead.
Terence hits you but does no damage.
You are poisoned.
Terence hits you with a +2 flail of venom!
You are lethally poisoned!
You hit Terence.
Terence is almost dead.
* * * LOW HITPOINT WARNING * * *
You feel extremely sick. Terence misses you.
You riposte.
You hit Terence.
You kill Terence!
Your Armour skill increases to level 5!
You have reached level 4!
You feel stronger.
It was a potion of haste.
You feel yourself speed up.
* * * LOW HITPOINT WARNING * * *
You feel very sick.
It was a potion of brilliance.
You feel clever all of a sudden.
You die...

#.##.######
###########.#######
#...........#.....#
#.###.#####.#.###.#
#.#.#.#...#.#...#.###
#.#.#.#.###†#####.#..
#...#.#...........###
########.###########.#
......)@.# #...#.#
##.#####.# #.#.#.# #.#
#.#.#.# #.# #.###.#
... #.....# ###
#######


There were no monsters in sight!

Vanquished Creatures
  Terence (D:3)
  An adder (D:3)
  2 worms (D:2)
  2 dart slugs
  5 ball pythons
  3 bats (D:1)
  5 endoplasms
  2 giant cockroaches (D:1)
  4 goblins
  6 hobgoblins
  4 frilled lizards
  6 kobolds
  2 rats
43 creatures vanquished.

Notes
Turn   | Place    | Note
-------+----------+-------------------------------------------
     0 | D:1      | greenlake the Minotaur Fighter began the quest for the Orb.
     0 | D:1      | Reached XP level 1. HP: 19/19 MP: 0/0
    36 | D:1      | Got the Incunabulum of Hexes and the Birds
    52 | D:1      | Reached skill level 4 in Armour
    62 | D:1      | Reached XP level 2. HP: 16/26 MP: 1/1
   598 | D:1      | Reached XP level 3. HP: 29/31 MP: 2/2
   911 | D:2      | Found a broken altar of Ashenzari.
  1538 | D:3      | Noticed Terence
  1543 | D:3      | Killed Terence
  1544 | D:3      | Reached skill level 5 in Armour
  1544 | D:3      | Reached XP level 4. HP: 7/39 MP: 3/3
  1545 | D:3      | Succumbed to Terence's poison

Illustrated notes

Levels and vault maps discovered:
D:1:      lightli_arrival_statue_moat, layout_rooms
D:2:      layout_rooms, basic_altar, grunt_decor_clamped
D:3:      mumra_celtic_spiral_tile, layout_loops_ring, basic_ecumenical_altar,
          minmay_close_crescents, uniq_terence, uniq_ijyb

Skill      XL: |  1  2  3 |
---------------+----------+-----
Armour         | 4 5 |  5.1
Long Blades    | 3 4 |  4.3
Fighting       | |  3.6
Shields        | |  3.6

Action                   |  1- 3 |  4- 6 || total
-------------------------+-------+-------++-------
Melee: Long sword        |    92 |       ||    92
       Headbutt          |    19 |       ||    19
  Use: Potion            |       |     2 ||     2
Armor: Scale mail        |    60 |       ||    60
Dodge: Dodged            |    42 |       ||    42
Block: Kite shield       |    26 |       ||    26
       Rpst.: Long sword |    10 |       ||    10
